 Dungeon Crawl Stone Soup version 0.23.1 (webtiles) character file.

Game seed: 1088319193321355041

352 Kairos the Sneak (level 6, 0/32 HPs)
             Began as a Vine Stalker Assassin on Mar 17, 2019.
             Succumbed to a big kobold's poison
             ... on level 3 of the Dungeon.
             The game lasted 00:06:11 (3351 turns).

Kairos the Sneak (Vine Stalker Assassin)            Turns: 3351, Time: 00:06:11

Health: 0/32       AC: 13    Str: 14    XL:     6   Next: 61%
Magic:  7/7        EV:  7    Int: 11    God:
Gold:   159        SH:  0    Dex: 17    Spells: 5/5 levels left

rFire    x . .     SeeInvis .   a - +2 dagger
rCold    + . .     Gourm    .   (no shield)
rNeg     . . .     Faith    .   h - +2 chain mail {MR+}
rPois    .         Spirit   +   p - +0 helmet
rElec    .         Reflect  .   d - +0 cloak
rCorr    .         Harm     .   (no gloves)
MR       +....                  (no boots)
Stlth    ..........             (no amulet)
HPRegen  0.50/turn              s - ring of ice
MPRegen  0.10/turn              (no ring)

@: lethally poisoned (0 -> -31)
A: fangs 2, regeneration 1, magic shield, antimagic bite, no potion heal 3, rot
immunity
a: no special abilities


You were on level 3 of the Dungeon.
You were hungry.

You visited 1 branch of the dungeon, and saw 3 of its levels.
You also visited: Sewer.

You collected 159 gold pieces.

Inventory:

Hand Weapons
 a - a +2 dagger (weapon)
 b - a +0 blowgun
Missiles
 e - 8 poisoned needles
 f - 2 curare-tipped needles
Armour
 d - a +0 cloak (worn)
 h - a +2 chain mail of magic resistance (worn)
 p - a +0 helmet (worn)
Jewellery
 s - a ring of ice (left hand)
Wands
 o - a wand of paralysis (12)
Scrolls
 c - 3 scrolls of fog {unknown}
 i - 3 scrolls of blinking {unknown}
 k - 5 scrolls of teleportation
 n - 2 scrolls of enchant armour
 r - a scroll of enchant weapon {unknown}
Potions
 j - a potion of haste {unknown}
 l - a potion of brilliance
 m - a potion of magic
 q - 2 potions of might
Comestibles
 g - 5 rations


   Skills:
 + Level 2.9 Fighting
 + Level 3.4 Short Blades
 + Level 1.9 Throwing
 + Level 2.3 Armour
 + Level 2.1 Dodging
 + Level 5.9 Stealth


You had 5 spell levels left.
You didn't know any spells.
Your spell library was empty.

Dungeon Overview and Level Annotations

Branches:
Dungeon (3/15)

Altars:
Fedhas
Makhleb
Ru
The Shining One


Innate Abilities, Weirdness & Mutations

You have extremely sharp teeth.
Your natural rate of healing is unusually fast.
When hurt, damage is shared between your health and your magic reserves.
Your bite disrupts and absorbs the magic of your enemies.
Potions cannot restore your health.
You are immune to rotting.


Message History

The big kobold hits you but does no damage. x2
You are more poisoned.
You hit the big kobold.
You bite the big kobold, but do no damage.
The big kobold is severely wounded.
You feel sick.
You closely miss the big kobold. Your bite misses the big kobold.
The big kobold is severely wounded.
* * * LOW HITPOINT WARNING * * *
You feel very sick.
The big kobold hits you but does no damage.
You are more poisoned.
The big kobold barely misses you.
It was a potion of magic.
Magic courses through your body.
* * * LOW HITPOINT WARNING * * *
You feel very sick.
The big kobold hits you with a +2 dagger of venom.
* * * LOW HITPOINT WARNING * * *
The big kobold closely misses you.
You die...

#.#.......##..#≈≈≈# ###.....#
#.#.###..###..#≈≈## ##...##
###.#.###..# #..#≈## #...####
...(.(.)#.)###..#≈# #.#.....
###.....K..#≈#..### #..)####
###.#.##.#≈##..# ###.####
#####.#)##.#≈≈#KK## #.##..
......#.##.#≈≈##..# #..#.#
.######.##.≈≈≈≈#@.# ##.#.# .#
####.##.≈≈≈≈#..# #.#.# .#
#.......≈≈≈≈#..# ### #.#.#
.###.......#≈≈##..# ##.## #.#.#
...#.......#≈≈#).######.#.###.#.#
#..#.........≈#..#...^.###.......
.#.#.......####).######.#.###.#.#
).##.......# #...# ##.## #.#.#
#..#.......# #...# #.# #.#.#


You could see 2 big kobolds.

Vanquished Creatures
  2 bullfrogs (Sewer)
  An orc wizard (D:3)
  4 river rats (Sewer)
  8 adders
  2 oozes
  A worm (D:3)
  4 leopard geckos
  2 orcs (D:3)
  11 ball pythons (Sewer)
  7 bats
  2 giant cockroaches
  3 goblins (D:3)
  8 hobgoblins
  9 kobolds
  7 frilled lizards
  27 rats
98 creatures vanquished.

Notes
Turn   | Place    | Note
-------+----------+-------------------------------------------
     0 | D:1      | Kairos the Vine Stalker Assassin began the quest for the
                  | Orb.
     0 | D:1      | Reached XP level 1. HP: 11/11 MP: 2/2
    81 | D:1      | Reached skill level 5 in Stealth
   219 | D:1      | Reached XP level 2. HP: 15/15 MP: 3/3
   233 | D:1      | Reached skill level 1 in Dodging
   389 | D:1      | You fall through a shaft!
   435 | D:2      | Reached XP level 3. HP: 5/18 MP: 2/4
  1178 | D:2      | Found a blossoming altar of Fedhas.
  1925 | D:3      | Found a sacrificial altar of Ru.
  2003 | D:3      | Found a glowing golden altar of the Shining One.
  2220 | D:3      | Gained mutation: Your natural rate of healing is unusually
                  | fast. [Vine Stalker growth]
  2220 | D:3      | Reached XP level 4. HP: 23/23 MP: 5/5
  2318 | D:3      | Found a glowing drain.
  2338 | D:3      | Reached skill level 1 in Armour
  2345 | Sewer    | Entered a sewer
  2630 | Sewer    | Reached XP level 5. HP: 27/27 MP: 4/6
  2891 | Sewer    | Reached XP level 6. HP: 32/32 MP: 5/7
  2978 | D:3      | Found a burning altar of Makhleb.
  3351 | D:3      | Succumbed to a big kobold's poison

Skill      XL: |  1  2  3  4  5  6 |
---------------+-------------------+-----
Stealth        | 5 |  5.9
Dodging        | 1 2 |  2.1
Fighting       | 2 |  2.9
Short Blades   | 2 3 |  3.4
Armour         | 1 2 |  2.3
Throwing       | |  1.9

Action                   |  1- 3 |  4- 6 || total
-------------------------+-------+-------++-------
Melee: Dagger            |   148 |   237 ||   385
       Bite              |    33 |    56 ||    89
  Use: Scroll            |     4 |       ||     4
       Potion            |     2 |     6 ||     8
 Stab: Invisible         |       |     1 ||     1
  Eat: Ration            |     1 |       ||     1
       Chunk             |       |     4 ||     4
Armor: Chain mail        |   139 |   162 ||   301
       Skin              |       |    57 ||    57
Dodge: Dodged            |    55 |   117 ||   172
